 Dungeon Crawl Stone Soup version 0.21.1-1-g345015f (webtiles) character file.

744 prawnwizard the Ruffian (level 7, 0/68 HPs)
             Began as a Troll Fighter on July 2, 2018.
             Slain by a troll (3 damage)
             ... on level 4 of the Dungeon.
             The game lasted 00:05:55 (2541 turns).

prawnwizard the Ruffian (Troll Fighter)             Turns: 2541, Time: 00:05:55

Health: 0/68       AC:  5    Str: 27    XL:     7   Next: 47%
Magic:  6/6        EV:  9    Int:  4    God:
Gold:   162        SH:  9    Dex:  9    Spells: 6/6 levels left

rFire    . . .     SeeInvis .     - Unarmed
rCold    . . .     Gourm    +   b - +0 shield
rNeg     . . .     Faith    .   a - +0 robe
rPois    .         Spirit   .   (helmet restricted)
rElec    .         Reflect  .   (no cloak)
rCorr    .         Harm     .   (gloves unavailable)
MR       .....                  (boots unavailable)
Stlth    +.........             (no amulet)
HPRegen  0.61/turn              (no ring)
MPRegen  0.10/turn              (no ring)

@: no status effects
A: large, unfitting armour, claws 3, fast metabolism 3, gourmand, regeneration
1, shaggy fur 1, tough skin 2
a: no special abilities


You were on level 4 of the Dungeon.
You were very full.

You visited 1 branch of the dungeon, and saw 4 of its levels.

You collected 162 gold pieces.

Inventory:

Armour
 a - a +0 robe (worn)
 b - a +0 shield (worn)
Jewellery
 q - an uncursed ring of protection from magic {unknown}
Scrolls
 e - 3 scrolls of identify {unknown}
 f - 2 scrolls of magic mapping {unknown}
 i - 3 scrolls of remove curse {unknown}
 k - 2 scrolls of blinking {unknown}
 m - 2 scrolls of immolation {unknown}
 n - a scroll of enchant weapon {unknown}
 o - a scroll of fear {unknown}
 p - a scroll of teleportation {unknown}
Potions
 c - 2 potions of might
 g - a potion of brilliance {unknown}
 h - 3 potions of curing {unknown}
 j - a potion of cancellation {unknown}
 l - a potion of ambrosia {unknown}
Comestibles
 d - 6 rations


   Skills:
 + Level 3.8 Fighting
 + Level 4.0 Dodging
 + Level 4.0 Shields
 * Level 5.3 Unarmed Combat


You had 6 spell levels left.
You didn't know any spells.

Dungeon Overview and Level Annotations

Branches:
Dungeon (4/15)             Temple (0/1) D:4

Altars:


Innate Abilities, Weirdness & Mutations

You are too large for most types of armour.
You have claws for hands.
Your metabolism is lightning-fast.
You like to eat raw meat.
Your natural rate of healing is unusually fast.
You are covered in fur. (AC +1)
You have very tough skin. (AC +2)


Message History

The troll completely misses you.
You scratch the troll.
The troll is severely wounded.
You block the troll's attack. The troll claws you. x2
You closely miss the troll.
The troll is severely wounded.
The troll bites you. The troll claws you! The troll completely misses you.
You are too injured to fight recklessly!
You scratch the troll.
The troll is almost dead.
The troll bites you!
* * * LOW HITPOINT WARNING * * *
You block the troll's attack. The troll claws you.
* * * LOW HITPOINT WARNING * * *
You closely miss the troll.
The troll is almost dead.
You block the troll's attack. The troll claws you!
* * * LOW HITPOINT WARNING * * *
The troll claws you.
You die...

#........#
##.....
##.....###
#.....
####.....#
#.....
#......#.#
##....
..###...#
#.... .
#.⌠.#
#####....
..###...####
###........
...........#
#..........
...⌠..>@.⌠.#
...........
.......T...#
########...
..###...####
#... ..
#.⌠.# #...
#...# #...
#.### #...
#. #... #.
......
##....


You could see a troll.

Vanquished Creatures
  Grinder (D:4)
  An ogre (D:4)
  A gnoll shaman (D:4)
  A hound (D:4)
  A centaur skeleton (D:4)
  Jessica (D:3)
  Natasha (thrice) (D:3)
  A worker ant (D:2)
  11 adders
  8 gnolls
  An adder skeleton (D:4)
  2 worms
  4 dart slugs
  3 leopard geckos
  2 orcs (D:3)
  8 bats
  A giant cockroach (D:1)
  9 goblins
  3 hobgoblins
  3 jackals (D:1)
  8 kobolds
  A ball python (D:3)
  4 frilled lizards
  14 rats
92 creatures vanquished.

Notes
Turn   | Place    | Note
-------+----------+-------------------------------------------
     0 | D:1      | prawnwizard the Troll Fighter began the quest for the Orb.
     0 | D:1      | Reached XP level 1. HP: 22/22 MP: 0/0
    70 | D:1      | Reached XP level 2. HP: 29/29 MP: 1/1
   273 | D:1      | Reached XP level 3. HP: 36/36 MP: 2/2
   800 | D:2      | Reached XP level 4. HP: 42/44 MP: 3/3
   869 | D:2      | Reached skill level 3 in Unarmed Combat
  1401 | D:3      | Reached XP level 5. HP: 52/53 MP: 4/4
  1552 | D:3      | Noticed Natasha
  1562 | D:3      | Noticed Jessica
  1566 | D:3      | Killed Natasha
  1569 | D:3      | Killed Jessica
  1715 | D:3      | Noticed Natasha
  1724 | D:3      | Killed Natasha
  1724 | D:3      | Reached skill level 4 in Unarmed Combat
  1724 | D:3      | Reached XP level 6. HP: 52/61 MP: 5/5
  1859 | D:3      | Noticed Natasha
  1864 | D:3      | Killed Natasha
  2093 | D:4      | Reached XP level 7. HP: 21/67 MP: 6/6
  2399 | D:4      | Noticed Grinder
  2403 | D:4      | Paralysed by Grinder for 2 turns
  2412 | D:4      | Paralysed by Grinder for 4 turns
  2429 | D:4      | Killed Grinder
  2429 | D:4      | Reached skill level 5 in Unarmed Combat
  2529 | D:4      | Found a staircase to the Ecumenical Temple.
  2533 | D:4      | Noticed a troll
  2541 | D:4      | HP: 3/68 [troll (12)]
  2541 | D:4      | Slain by a troll

Skill      XL: |  1  2  3  4  5  6  7 |
---------------+----------------------+-----
Dodging        | 3 4 |  4.0
Shields        | 3 4 |  4.0
Unarmed Combat | 3 4 5 |  5.3
Fighting       | 3 |  3.8

Action                   |  1- 3 |  4- 6 |  7- 9 || total
-------------------------+-------+-------+-------++-------
Melee: Unarmed           |   117 |   205 |    41 ||   363
  Eat: Chunk             |     5 |    13 |     7 ||    25
       Ration            |       |     1 |       ||     1
Armor: Robe              |    40 |    67 |     1 ||   108
Dodge: Dodged            |    48 |    92 |    16 ||   156
Block: Shield            |    64 |   118 |    20 ||   202
